Bruins vs Lightning

Created - 8 mars 2021 at 20:49

Goals
1 2 3 T
Bruins 1 1 0 2
Lightning 2 0 1 3
Shots
1 2 3 T
Bruins 9 8 5 22
Lightning 9 22 20 51

1st period

1. Lightning , Alex Killorn 30 (Zach Bogosian 21, Sidney Crosby 38) at 9:05
2. Bruins , Radek Faksa 25 (Alex Iafallo 25, Brett Pesce 22) at 16:00
3. Lightning , William Karlsson 20 (Logan Couture 38, Jeff Carter 26) at 17:45 (PP)

Penalties :
Brady Skjei (BOS) for Hooking (Minor) at 0:20, Vladimir Sobotka (BOS) for Interference (Minor) at 11:49, Jayson Megna (BOS) for Holding (Minor) at 16:04

2nd period

4. Bruins , Jayson Megna 9 (Brady Skjei 24, Radek Faksa 24) at 8:20

Penalties :
Zack Kassian (TBL) for Tripping (Minor) at 12:38, Radek Faksa (BOS) for Roughing (Minor) at 12:38, Brett Pesce (BOS) for Hooking (Minor) at 14:48, Adam Boqvist (BOS) for Roughing (Minor) at 16:50, Brett Pesce (BOS) for Hooking (Minor) at 19:24

3rd period

5. Lightning , Jason Demers 4 (Logan Couture 39, William Karlsson 40) at 7:37 (PP)

Penalties :
Jayson Megna (BOS) for Hooking (Minor) at 7:00, Brady Skjei (BOS) for Hooking (Minor) at 11:48, Jordan Oesterle (BOS) for Holding (Minor) at 19:24

Goalie Stats

Tristan Jarry (BOS), 48 saves from 51 shots - (0,941), L, 21-28-1, 60:00 minutes
Elvis Merzlikins (TBL), 20 saves from 22 shots - (0,909), W, 10-9-2, 60:00 minutes

Players Stats for Bruins

Player Name              G  A  P  +/- PIM S  H  SB GA TA FO     MP     PP MP  PK MP  
------------------------------------------------------------------------------------
Adam Boqvist             0  0  0   0  2   0  1  0  0  0  0/0     4:42   0:00   0:00 
Adam Henrique            0  0  0   0  0   2  0  2  0  0  20/41  25:43   0:00   9:03 
Alex Iafallo             0  1  1   1  0   2  2  0  0  0  0/4    20:28   0:00   5:32 
Brady Skjei              0  1  1   1  4   2  1  0  0  0  0/0    22:17   0:00   5:18 
Brendan Lemieux          0  0  0   0  0   1  5  0  0  0  0/0    13:32   0:00   0:00 
Brett Pesce              0  1  1   0  4   1  4  0  0  0  0/0    18:41   0:00   5:12 
Brian Dumoulin           0  0  0   1  0   2  2  4  0  0  0/0    24:04   0:00   7:03 
Carl Hagelin             0  0  0   0  0   2  0  1  0  0  1/3    14:36   0:00   0:00 
Jamie Oleksiak           0  0  0   0  0   0  0  0  0  0  0/0     9:58   0:00   0:00 
Jayson Megna             1  0  1   1  4   2  3  1  0  0  1/3    13:55   0:00   0:00 
Jonathon Merrill         0  0  0   0  0   0  0  4  0  0  0/0    14:24   0:00   4:26 
Jordan Oesterle          0  0  0   0  2   0  2  0  0  0  0/0    20:09   0:00   6:39 
Markus Nutivaara         0  0  0   0  0   0  1  1  0  0  0/0     5:39   0:00   0:56 
Michael Frolik           0  0  0   0  0   0  0  0  0  0  0/1    14:23   0:00   0:46 
Radek Faksa              1  1  2   1  2   4  2  0  0  0  16/27  18:54   0:00   4:58 
Tanner Fritz             0  0  0   0  0   0  0  0  0  0  1/2     2:08   0:00   0:00 
Tyler Bertuzzi           0  0  0   0  0   4  1  0  0  0  1/2    25:55   0:00   9:15 
Vladimir Sobotka         0  0  0   0  2   0  0  2  0  0  3/18   13:36   0:00   0:00 

Players Stats for Lightning

Player Name              G  A  P  +/- PIM S  H  SB GA TA FO     MP     PP MP  PK MP  
------------------------------------------------------------------------------------
Alex Killorn             1  0  1   0  0   7  3  0  0  0  1/4    21:54   7:16   0:00 
Alexander Edler          0  0  0  -1  0   5  2  1  0  0  0/0    25:48   7:12   0:00 
Erik Gudbranson          0  0  0  -1  0   0  1  0  0  0  0/0    12:15   0:00   0:00 
Frederik Gauthier        0  0  0   0  0   0  0  1  0  0  3/5     2:41   0:00   0:00 
Jason Demers             1  0  1   1  0   5  1  1  0  0  0/0    22:20   7:58   0:00 
Jeff Carter              0  1  1   0  0   8  3  0  0  0  1/1    21:16   7:31   0:00 
Jeff Skinner             0  0  0  -1  0   1  0  0  0  0  1/1    12:10   0:00   0:00 
Joonas Donskoi           0  0  0   0  0   0  0  0  0  0  0/1    21:31   6:53   0:00 
Kevin Shattenkirk        0  0  0  -1  0   1  0  0  0  0  0/0    25:25   6:49   0:00 
Logan Couture            0  2  2   0  0   7  3  0  0  0  2/3    21:51   7:31   0:00 
Pierre-Edouard Bellemare 0  0  0   0  0   0  0  0  0  0  0/0     2:54   0:00   0:00 
Ryan Lindgren            0  0  0   0  0   0  0  0  0  0  0/0     0:00   0:00   0:00 
Sidney Crosby            0  1  1   0  0   4  2  0  0  0  22/33  25:46   7:16   0:00 
Travis Zajac             0  0  0  -1  0   3  1  1  0  0  11/19  13:57   0:23   0:00 
Trevor Daley             0  0  0  -1  0   0  0  3  0  0  0/0    12:15   0:00   0:00 
William Karlsson         1  1  2   0  0   6  0  1  0  0  16/33  21:51   7:31   0:00 
Zach Bogosian            0  1  1   1  0   3  1  1  0  0  0/0    21:57   7:35   0:00 
Zack Kassian             0  0  0  -1  2   1  1  0  0  0  1/1    12:09   0:00   0:00 

3 Stars

1 - Tristan Jarry (BOS)
2 - William Karlsson (TBL)
3 - Jason Demers (TBL)

Power Play

Bruins - 0 on 0 Attempt(s) - 0,00%
Lightning - 2 on 9 Attempt(s) - 22,22%

Penalty Kill

Bruins - 7 on 9 Attempt(s) - 77,78% - Score 0 goal in Penalty Kill
Lightning - 0 on 0 Attempt(s) - 0,00% - Score 0 goal in Penalty Kill

Team Stat

Bruins - Hits : 24 - Faceoff Wins : 43 - Blocked Shots : 15 - Penalty Minutes : 20
Lightning - Hits : 18 - Faceoff Wins : 58 - Blocked Shots : 9 - Penalty Minutes : 2

Official

Referees : Dan O'Halloran and Francois St-Laurent
Linesman : Darren Gibbs and Travis Toomey

Game Notes

No Game Note

Finance

Level 1 -- Attendance: 6348 (97,66%) -- Ticket Income 698 280 $
Level 2 -- Attendance: 4948 (98,96%) -- Ticket Income 470 060 $
Level 3 -- Attendance: 3149 (89,97%) -- Ticket Income 236 175 $
Level 4 -- Attendance: 2659 (82,99%) -- Ticket Income 119 655 $
Luxury Box -- Attendance: 558 (55,80%) -- Ticket Income 200 880 $
Game was played at the Amalie Arena.
Total Attendance: 17662 (91,97%)
Total Ticket Income: 1 725 050 $
Other Income: 845 274 $
Total Income: 2 570 324 $

% Time on Ice - Bruins

Lines # - Real PCT - Wanted PCT - Time Play
Normal Forward
1 - 31% - 40% - 13:32
2 - 32% - 30% - 13:57
3 - 31% - 20% - 13:37
4 - 5% - 10% - 2:08
Normal Defense
1 - 37% - 40% - 16:02
2 - 29% - 30% - 12:31
3 - 23% - 20% - 9:58
4 - 11% - 10% - 4:43
PP Forward
1 - 0% - 60%
2 - 0% - 40%
PP Defense
1 - 0% - 60%
2 - 0% - 40%
PK Forward
1 - 66% - 60% - 9:49
2 - 34% - 40% - 4:58
PK Defense
1 - 53% - 60% - 7:46
2 - 47% - 40% - 7:01
PK3 Forward
1 - 0% - 60%
2 - 0% - 40%
PK3 Defense
1 - 0% - 60%
2 - 0% - 40%
44 Forward
1 - 50% - 60% - 1:00
2 - 50% - 40% - 0:59
44 Defense
1 - 50% - 60% - 0:59
2 - 50% - 40% - 1:00
Last Minute Offensive  - 0:00
Last Minute Defensive  - 0:00
Total
Forward - 60:00
Defense - 60:00

% Time on Ice - Lightning

Lines # - Real PCT - Wanted PCT - Time Play
Normal Forward
1 - 34% - 40% - 14:38
2 - 32% - 36% - 13:45
3 - 28% - 17% - 12:10
4 - 6% - 7% - 2:41
Normal Defense
1 - 37% - 40% - 16:02
2 - 32% - 30% - 13:47
3 - 28% - 20% - 12:15
4 - 3% - 10% - 1:10
PP Forward
1 - 49% - 55% - 7:16
2 - 51% - 45% - 7:31
PP Defense
1 - 46% - 50% - 6:49
2 - 54% - 50% - 7:58
PK Forward
1 - 0% - 60%
2 - 0% - 40%
PK Defense
1 - 0% - 60%
2 - 0% - 40%
PK3 Forward
1 - 0% - 60%
2 - 0% - 40%
PK3 Defense
1 - 0% - 60%
2 - 0% - 40%
44 Forward
1 - 71% - 60% - 1:24
2 - 29% - 40% - 0:35
44 Defense
1 - 71% - 60% - 1:24
2 - 29% - 40% - 0:35
Last Minute Offensive  - 0:00
Last Minute Defensive  - 0:00
Total
Forward - 60:00
Defense - 60:00

Play-by-Play

1st period


0:01 of 1st period - Sidney Crosby wins face-off versus Adam Henrique in neutral zone.
0:20 of 1st period - Minor Penalty to Brady Skjei for Hooking.
0:21 of 1st period - Adam Henrique wins face-off versus William Karlsson in Bruins zone.
0:21 of 1st period - Adam Henrique is hit by Logan Couture.
0:37 of 1st period - Brett Pesce is hit by Logan Couture.
0:47 of 1st period - Shot by Brian Dumoulin.
0:47 of 1st period - Stopped by Elvis Merzlikins without a rebound.
0:48 of 1st period - Sidney Crosby wins face-off versus Adam Henrique in Lightning zone.
0:57 of 1st period - Shot by Kevin Shattenkirk.
0:57 of 1st period - Shot Blocked by Brian Dumoulin.
0:59 of 1st period - Shot by Alex Killorn.
0:59 of 1st period - Shot Misses the Net.
2:40 of 1st period - Icing by Brett Pesce.
2:41 of 1st period - Frederik Gauthier wins face-off versus Carl Hagelin in Bruins zone.
2:51 of 1st period - Icing by Brett Pesce.
2:52 of 1st period - Travis Zajac wins face-off versus Vladimir Sobotka in Bruins zone.
3:33 of 1st period - Jeff Skinner is hit by Brendan Lemieux.
3:38 of 1st period - Trevor Daley is hit by Brady Skjei and loses puck.
5:27 of 1st period - Shot by Carl Hagelin.
5:27 of 1st period - Stopped by Elvis Merzlikins without a rebound.
5:28 of 1st period - Frederik Gauthier wins face-off versus Tyler Bertuzzi in Lightning zone.
5:47 of 1st period - Shot by Jason Demers.
5:47 of 1st period - Stopped by Tristan Jarry without a rebound.
5:48 of 1st period - William Karlsson wins face-off versus Adam Henrique in Bruins zone.
6:02 of 1st period - Icing by Adam Henrique.
6:03 of 1st period - Travis Zajac wins face-off versus Adam Henrique in Bruins zone.
6:16 of 1st period - Shot by Adam Henrique.
6:16 of 1st period - Stopped by Elvis Merzlikins without a rebound.
6:17 of 1st period - William Karlsson wins face-off versus Alex Iafallo in Lightning zone.
6:46 of 1st period - Shot by William Karlsson.
6:46 of 1st period - Shot Misses the Net.
6:56 of 1st period - Shot by Jeff Carter.
6:56 of 1st period - Shot Blocked by Jayson Megna.
7:05 of 1st period - Icing by Brady Skjei.
7:06 of 1st period - Radek Faksa wins face-off versus Alex Killorn in Bruins zone.
7:14 of 1st period - Shot by Sidney Crosby.
7:14 of 1st period - Shot Misses the Net.
7:16 of 1st period - Shot by Alex Killorn.
7:16 of 1st period - Stopped by Tristan Jarry without a rebound.
7:17 of 1st period - Adam Henrique wins face-off versus Joonas Donskoi in Bruins zone.
7:33 of 1st period - Shot by Sidney Crosby.
7:33 of 1st period - Shot Blocked by Adam Henrique.
7:35 of 1st period - Shot by Alex Killorn.
7:35 of 1st period - Shot Misses the Net.
7:37 of 1st period - Shot by Joonas Donskoi.
7:37 of 1st period - Shot Misses the Net.
7:49 of 1st period - Shot by Sidney Crosby.
7:49 of 1st period - Stopped by Tristan Jarry with a rebound.
7:51 of 1st period - Shot by Joonas Donskoi.
7:51 of 1st period - Deflect By Alex Killorn.
7:51 of 1st period - Stopped by Tristan Jarry without a rebound.
7:52 of 1st period - William Karlsson wins face-off versus Vladimir Sobotka in Bruins zone.
7:53 of 1st period - Shot by Logan Couture.
7:53 of 1st period - Stopped by Tristan Jarry without a rebound.
7:54 of 1st period - William Karlsson wins face-off versus Vladimir Sobotka in Bruins zone.
8:17 of 1st period - Icing by Jonathon Merrill.
8:18 of 1st period - Vladimir Sobotka wins face-off versus Alex Killorn in Bruins zone.
8:30 of 1st period - Icing by Zach Bogosian.
8:31 of 1st period - Alex Killorn wins face-off versus Adam Henrique in Lightning zone.
8:31 of 1st period - Sidney Crosby is hit by Brendan Lemieux and loses puck.
8:45 of 1st period - Icing by Alex Killorn.
8:46 of 1st period - Radek Faksa wins face-off versus Sidney Crosby in Lightning zone.
9:05 of 1st period - Shot by Alex Killorn.
9:05 of 1st period - Goal by Alex Killorn - Bruins : 0 - Lightning : 1.
9:06 of 1st period - Adam Henrique wins face-off versus William Karlsson in neutral zone.
9:31 of 1st period - Shot by Adam Henrique.
9:31 of 1st period - Shot Misses the Net.
9:33 of 1st period - Shot by Brady Skjei.
9:33 of 1st period - Stopped by Elvis Merzlikins without a rebound.
9:34 of 1st period - Frederik Gauthier wins face-off versus Radek Faksa in Lightning zone.
9:49 of 1st period - Shot by Alex Iafallo.
9:49 of 1st period - Shot Blocked by Trevor Daley.
9:51 of 1st period - Shot by Jayson Megna.
9:51 of 1st period - Shot Blocked by Frederik Gauthier.
9:57 of 1st period - Shot by Radek Faksa.
9:57 of 1st period - Stopped by Elvis Merzlikins without a rebound.
9:58 of 1st period - Tyler Bertuzzi wins face-off versus William Karlsson in Lightning zone.
9:58 of 1st period - Tyler Bertuzzi is hit by Alexander Edler.
10:15 of 1st period - Brian Dumoulin is hit by Jeff Carter and loses puck.
10:32 of 1st period - Shot by Brian Dumoulin.
10:32 of 1st period - Shot Hit the Post.
10:34 of 1st period - Shot by Tyler Bertuzzi.
10:34 of 1st period - Stopped by Elvis Merzlikins without a rebound.
10:35 of 1st period - Radek Faksa wins face-off versus Sidney Crosby in Lightning zone.
10:55 of 1st period - Off-side.
10:56 of 1st period - Zack Kassian wins face-off versus Vladimir Sobotka in neutral zone.
11:12 of 1st period - Shot by Carl Hagelin.
11:12 of 1st period - Deflect By Vladimir Sobotka.
11:12 of 1st period - Shot Blocked by Trevor Daley.
11:29 of 1st period - Travis Zajac is hit by Brett Pesce.
11:49 of 1st period - Minor Penalty to Vladimir Sobotka for Interference.
11:50 of 1st period - Adam Henrique wins face-off versus William Karlsson in Bruins zone.
12:11 of 1st period - Shot by Zach Bogosian.
12:11 of 1st period - Shot Misses the Net.
12:54 of 1st period - Brett Pesce is hit by Sidney Crosby and loses puck.
13:13 of 1st period - Shot by Alexander Edler.
13:13 of 1st period - Stopped by Tristan Jarry without a rebound.
13:14 of 1st period - Adam Henrique wins face-off versus William Karlsson in Bruins zone.
13:53 of 1st period - Icing by Trevor Daley.
13:54 of 1st period - Travis Zajac wins face-off versus Carl Hagelin in Lightning zone.
14:43 of 1st period - Icing by Carl Hagelin.
14:44 of 1st period - Sidney Crosby wins face-off versus Vladimir Sobotka in Bruins zone.
14:53 of 1st period - Shot by Joonas Donskoi.
14:53 of 1st period - Shot Misses the Net.
15:19 of 1st period - Kevin Shattenkirk is hit by Brendan Lemieux and loses puck.
15:58 of 1st period - Shot by Radek Faksa.
15:58 of 1st period - Stopped by Elvis Merzlikins with a rebound.
16:00 of 1st period - Shot by Radek Faksa.
16:00 of 1st period - Goal by Radek Faksa - Bruins : 1 - Lightning : 1.
16:01 of 1st period - William Karlsson wins face-off versus Radek Faksa in neutral zone.
16:03 of 1st period - Off-side.
16:04 of 1st period - William Karlsson wins face-off versus Radek Faksa in neutral zone.
16:04 of 1st period - Minor Penalty to Jayson Megna for Holding.
16:05 of 1st period - William Karlsson wins face-off versus Adam Henrique in Bruins zone.
16:09 of 1st period - Logan Couture is hit by Jordan Oesterle and loses puck.
16:39 of 1st period - Shot by William Karlsson.
16:39 of 1st period - Stopped by Tristan Jarry with a rebound.
16:41 of 1st period - Shot by Zach Bogosian.
16:41 of 1st period - Shot Misses the Net.
17:13 of 1st period - Shot by Sidney Crosby.
17:13 of 1st period - Shot Misses the Net.
17:45 of 1st period - Shot by William Karlsson.
17:45 of 1st period - Goal by William Karlsson - Bruins : 1 - Lightning : 2.
17:46 of 1st period - Vladimir Sobotka wins face-off versus Travis Zajac in neutral zone.
18:12 of 1st period - Shot by Carl Hagelin.
18:12 of 1st period - Shot Blocked by Trevor Daley.
19:28 of 1st period - Shot by Tyler Bertuzzi.
19:28 of 1st period - Stopped by Elvis Merzlikins without a rebound.
19:29 of 1st period - William Karlsson wins face-off versus Tanner Fritz in Lightning zone.
19:56 of 1st period - Shot by Jeff Carter.
19:56 of 1st period - Shot Blocked by Brian Dumoulin.
Goals for this period are 1 for Bruins vs 2 for Lightning.
Shots for this period are 9 for Bruins vs 9 for Lightning.

2nd period


0:01 of 2nd period - Sidney Crosby wins face-off versus Adam Henrique in neutral zone.
0:19 of 2nd period - Shot by Brendan Lemieux.
0:19 of 2nd period - Stopped by Elvis Merzlikins with a rebound.
1:18 of 2nd period - Shot by Jayson Megna.
1:18 of 2nd period - Shot Misses the Net.
1:25 of 2nd period - Jayson Megna is hit by Jason Demers and loses puck.
1:36 of 2nd period - Shot by Vladimir Sobotka.
1:36 of 2nd period - Shot Misses the Net.
1:38 of 2nd period - Shot by Carl Hagelin.
1:38 of 2nd period - Stopped by Elvis Merzlikins without a rebound.
1:39 of 2nd period - Travis Zajac wins face-off versus Vladimir Sobotka in Lightning zone.
2:36 of 2nd period - Icing by Alexander Edler.
2:37 of 2nd period - Adam Henrique wins face-off versus Frederik Gauthier in Lightning zone.
2:42 of 2nd period - Shot by Tyler Bertuzzi.
2:42 of 2nd period - Stopped by Elvis Merzlikins without a rebound.
2:43 of 2nd period - Adam Henrique wins face-off versus William Karlsson in Lightning zone.
2:54 of 2nd period - Shot by William Karlsson.
2:54 of 2nd period - Shot Blocked by Brian Dumoulin.
3:01 of 2nd period - Shot by Brian Dumoulin.
3:01 of 2nd period - Shot Blocked by Zach Bogosian.
3:03 of 2nd period - Shot by Adam Henrique.
3:03 of 2nd period - Stopped by Elvis Merzlikins without a rebound.
3:04 of 2nd period - Sidney Crosby wins face-off versus Alex Iafallo in Lightning zone.
3:04 of 2nd period - Sidney Crosby is hit by Jayson Megna.
3:56 of 2nd period - Shot by Jeff Carter.
3:56 of 2nd period - Stopped by Tristan Jarry without a rebound.
3:57 of 2nd period - Logan Couture wins face-off versus Adam Henrique in Bruins zone.
4:00 of 2nd period - Shot by Jeff Carter.
4:00 of 2nd period - Stopped by Tristan Jarry without a rebound.
4:01 of 2nd period - William Karlsson wins face-off versus Adam Henrique in Bruins zone.
4:22 of 2nd period - Shot by Logan Couture.
4:22 of 2nd period - Stopped by Tristan Jarry without a rebound.
4:23 of 2nd period - Travis Zajac wins face-off versus Vladimir Sobotka in Bruins zone.
5:23 of 2nd period - Shot by Sidney Crosby.
5:23 of 2nd period - Stopped by Tristan Jarry without a rebound.
5:24 of 2nd period - Jeff Carter wins face-off versus Radek Faksa in Bruins zone.
5:29 of 2nd period - Icing by Brian Dumoulin.
5:30 of 2nd period - Sidney Crosby wins face-off versus Jayson Megna in Bruins zone.
5:30 of 2nd period - Alex Killorn is hit by Brian Dumoulin and loses puck.
6:53 of 2nd period - Shot by Logan Couture.
6:53 of 2nd period - Shot Misses the Net.
6:55 of 2nd period - Shot by Alexander Edler.
6:55 of 2nd period - Shot Misses the Net.
6:59 of 2nd period - Shot by William Karlsson.
6:59 of 2nd period - Stopped by Tristan Jarry with a rebound.
7:01 of 2nd period - Shot by Jeff Carter.
7:01 of 2nd period - Shot Misses the Net.
7:52 of 2nd period - Icing by Trevor Daley.
7:53 of 2nd period - Radek Faksa wins face-off versus Travis Zajac in Lightning zone.
8:05 of 2nd period - Alex Iafallo is hit by Erik Gudbranson and loses puck.
8:18 of 2nd period - Shot by Brady Skjei.
8:18 of 2nd period - Stopped by Elvis Merzlikins with a rebound.
8:20 of 2nd period - Shot by Jayson Megna.
8:20 of 2nd period - Goal by Jayson Megna - Bruins : 2 - Lightning : 2.
8:21 of 2nd period - Sidney Crosby wins face-off versus Vladimir Sobotka in neutral zone.
8:24 of 2nd period - Shot by Alex Killorn.
8:24 of 2nd period - Shot Blocked by Vladimir Sobotka.
8:26 of 2nd period - Shot by Jason Demers.
8:26 of 2nd period - Stopped by Tristan Jarry without a rebound.
8:27 of 2nd period - Sidney Crosby wins face-off versus Vladimir Sobotka in Bruins zone.
8:28 of 2nd period - Shot by Joonas Donskoi.
8:28 of 2nd period - Shot Blocked by Carl Hagelin.
8:30 of 2nd period - Shot by Zach Bogosian.
8:30 of 2nd period - Stopped by Tristan Jarry without a rebound.
8:31 of 2nd period - Radek Faksa wins face-off versus Sidney Crosby in Bruins zone.
8:47 of 2nd period - Shot by Radek Faksa.
8:47 of 2nd period - Shot Misses the Net.
8:49 of 2nd period - Shot by Brian Dumoulin.
8:49 of 2nd period - Shot Hit the Post.
8:51 of 2nd period - Shot by Alex Iafallo.
8:51 of 2nd period - Stopped by Elvis Merzlikins without a rebound.
8:52 of 2nd period - William Karlsson wins face-off versus Vladimir Sobotka in Lightning zone.
9:39 of 2nd period - Carl Hagelin is hit by Jeff Carter and loses puck.
10:04 of 2nd period - Shot by Alex Killorn.
10:04 of 2nd period - Shot Misses the Net.
10:26 of 2nd period - Shot by Tyler Bertuzzi.
10:26 of 2nd period - Shot Blocked by Jason Demers.
10:37 of 2nd period - Icing by Zach Bogosian.
10:38 of 2nd period - Sidney Crosby wins face-off versus Jayson Megna in Lightning zone.
11:03 of 2nd period - Jason Demers is hit by Jayson Megna.
11:40 of 2nd period - Brady Skjei is hit by Alex Killorn and loses puck.
11:48 of 2nd period - Icing by Brian Dumoulin.
11:49 of 2nd period - William Karlsson wins face-off versus Adam Henrique in Bruins zone.
11:54 of 2nd period - Shot by Logan Couture.
11:54 of 2nd period - Shot Misses the Net.
12:21 of 2nd period - Shot by Jeff Carter.
12:21 of 2nd period - Stopped by Tristan Jarry without a rebound.
12:22 of 2nd period - Travis Zajac wins face-off versus Alex Iafallo in Bruins zone.
12:27 of 2nd period - Shot by Travis Zajac.
12:27 of 2nd period - Shot Blocked by Markus Nutivaara.
12:37 of 2nd period - Erik Gudbranson is hit by Jayson Megna.
12:38 of 2nd period - Minor Penalty to Zack Kassian for Tripping.
12:38 of 2nd period - Minor Penalty to Radek Faksa for Roughing.
12:39 of 2nd period - Travis Zajac wins face-off versus Adam Henrique in neutral zone.
12:49 of 2nd period - Shot by Brett Pesce.
12:49 of 2nd period - Shot Misses the Net.
12:51 of 2nd period - Shot by Brett Pesce.
12:51 of 2nd period - Stopped by Elvis Merzlikins without a rebound.
12:52 of 2nd period - Adam Henrique wins face-off versus Travis Zajac in Lightning zone.
13:14 of 2nd period - Sidney Crosby is hit by Tyler Bertuzzi and loses puck.
13:30 of 2nd period - Icing by Tyler Bertuzzi.
13:31 of 2nd period - Adam Henrique wins face-off versus Logan Couture in Bruins zone.
13:50 of 2nd period - Shot by Logan Couture.
13:50 of 2nd period - Shot Misses the Net.
13:52 of 2nd period - Shot by Logan Couture.
13:52 of 2nd period - Stopped by Tristan Jarry without a rebound.
13:53 of 2nd period - Carl Hagelin wins face-off versus Travis Zajac in Bruins zone.
14:20 of 2nd period - Travis Zajac is hit by Alex Iafallo and loses puck.
14:32 of 2nd period - Icing by Carl Hagelin.
14:33 of 2nd period - Logan Couture wins face-off versus Alex Iafallo in Bruins zone.
14:34 of 2nd period - Shot by William Karlsson.
14:34 of 2nd period - Stopped by Tristan Jarry with a rebound.
14:43 of 2nd period - Shot by Logan Couture.
14:43 of 2nd period - Stopped by Tristan Jarry without a rebound.
14:44 of 2nd period - Adam Henrique wins face-off versus William Karlsson in Bruins zone.
14:48 of 2nd period - Minor Penalty to Brett Pesce for Hooking.
14:49 of 2nd period - William Karlsson wins face-off versus Adam Henrique in Bruins zone.
14:58 of 2nd period - Shot by Jason Demers.
14:58 of 2nd period - Stopped by Tristan Jarry without a rebound.
14:59 of 2nd period - Adam Henrique wins face-off versus William Karlsson in Bruins zone.
15:22 of 2nd period - Shot by Alexander Edler.
15:22 of 2nd period - Stopped by Tristan Jarry without a rebound.
15:23 of 2nd period - Sidney Crosby wins face-off versus Adam Henrique in Bruins zone.
15:52 of 2nd period - Shot by Alex Killorn.
15:52 of 2nd period - Stopped by Tristan Jarry without a rebound.
15:53 of 2nd period - William Karlsson wins face-off versus Radek Faksa in Bruins zone.
15:53 of 2nd period - Kevin Shattenkirk is hit by Jordan Oesterle and loses puck.
16:14 of 2nd period - Shot by Logan Couture.
16:14 of 2nd period - Shot Misses the Net.
16:20 of 2nd period - Shot by William Karlsson.
16:20 of 2nd period - Shot Blocked by Jonathon Merrill.
16:22 of 2nd period - Shot by William Karlsson.
16:22 of 2nd period - Shot Misses the Net.
16:30 of 2nd period - Shot by Jeff Carter.
16:30 of 2nd period - Shot Misses the Net.
16:32 of 2nd period - Shot by Alexander Edler.
16:32 of 2nd period - Shot Misses the Net.
16:34 of 2nd period - Shot by Jeff Carter.
16:34 of 2nd period - Stopped by Tristan Jarry without a rebound.
16:35 of 2nd period - Sidney Crosby wins face-off versus Adam Henrique in Bruins zone.
16:49 of 2nd period - Alex Killorn is hit by Adam Boqvist and loses puck.
16:50 of 2nd period - Minor Penalty to Adam Boqvist for Roughing.
16:51 of 2nd period - Adam Henrique wins face-off versus Sidney Crosby in Bruins zone.
17:00 of 2nd period - Shot by Alex Killorn.
17:00 of 2nd period - Stopped by Tristan Jarry without a rebound.
17:01 of 2nd period - Adam Henrique wins face-off versus Sidney Crosby in Bruins zone.
17:25 of 2nd period - Shot by Joonas Donskoi.
17:25 of 2nd period - Shot Misses the Net.
17:27 of 2nd period - Shot by Kevin Shattenkirk.
17:27 of 2nd period - Shot Misses the Net.
17:29 of 2nd period - Shot by Kevin Shattenkirk.
17:29 of 2nd period - Shot Misses the Net.
17:31 of 2nd period - Shot by Kevin Shattenkirk.
17:31 of 2nd period - Stopped by Tristan Jarry without a rebound.
17:32 of 2nd period - Radek Faksa wins face-off versus William Karlsson in Bruins zone.
17:50 of 2nd period - Shot by Jeff Carter.
17:50 of 2nd period - Stopped by Tristan Jarry with a rebound.
17:52 of 2nd period - Shot by Zach Bogosian.
17:52 of 2nd period - Deflect By Logan Couture.
17:52 of 2nd period - Shot Blocked by Brian Dumoulin.
17:54 of 2nd period - Shot by Logan Couture.
17:54 of 2nd period - Stopped by Tristan Jarry with a rebound.
17:56 of 2nd period - Shot by Zach Bogosian.
17:56 of 2nd period - Shot Misses the Net.
17:58 of 2nd period - Shot by William Karlsson.
17:58 of 2nd period - Stopped by Tristan Jarry without a rebound.
17:59 of 2nd period - Sidney Crosby wins face-off versus Adam Henrique in Bruins zone.
18:00 of 2nd period - Shot by Alex Killorn.
18:00 of 2nd period - Shot Hit the Post.
18:53 of 2nd period - Shot by Travis Zajac.
18:53 of 2nd period - Shot Misses the Net.
18:59 of 2nd period - Shot by Jeff Skinner.
18:59 of 2nd period - Stopped by Tristan Jarry without a rebound.
19:00 of 2nd period - William Karlsson wins face-off versus Radek Faksa in Bruins zone.
19:00 of 2nd period - William Karlsson is hit by Markus Nutivaara.
19:02 of 2nd period - Shot by Logan Couture.
19:02 of 2nd period - Shot Misses the Net.
19:04 of 2nd period - Shot by Jason Demers.
19:04 of 2nd period - Stopped by Tristan Jarry without a rebound.
19:05 of 2nd period - Jayson Megna wins face-off versus William Karlsson in Bruins zone.
19:07 of 2nd period - Icing by Alex Iafallo.
19:08 of 2nd period - Radek Faksa wins face-off versus William Karlsson in Bruins zone.
19:08 of 2nd period - Radek Faksa is hit by Jeff Carter.
19:14 of 2nd period - Zach Bogosian is hit by Radek Faksa and loses puck.
19:22 of 2nd period - William Karlsson is hit by Brett Pesce and loses puck.
19:24 of 2nd period - Minor Penalty to Brett Pesce for Hooking.
19:25 of 2nd period - Sidney Crosby wins face-off versus Adam Henrique in Bruins zone.
Goals for this period are 1 for Bruins vs 0 for Lightning.
Shots for this period are 8 for Bruins vs 22 for Lightning.

3rd period


0:01 of 3rd period - Adam Henrique wins face-off versus Sidney Crosby in neutral zone.
0:07 of 3rd period - Icing by Alex Killorn.
0:08 of 3rd period - Sidney Crosby wins face-off versus Adam Henrique in Lightning zone.
0:15 of 3rd period - Shot by Alexander Edler.
0:15 of 3rd period - Stopped by Tristan Jarry without a rebound.
0:16 of 3rd period - Adam Henrique wins face-off versus Sidney Crosby in Bruins zone.
0:25 of 3rd period - Shot by Sidney Crosby.
0:25 of 3rd period - Stopped by Tristan Jarry with a rebound.
0:27 of 3rd period - Shot by Alex Killorn.
0:27 of 3rd period - Shot Misses the Net.
0:29 of 3rd period - Shot by Zach Bogosian.
0:29 of 3rd period - Stopped by Tristan Jarry without a rebound.
0:30 of 3rd period - Adam Henrique wins face-off versus William Karlsson in Bruins zone.
0:49 of 3rd period - Shot by Logan Couture.
0:49 of 3rd period - Shot Misses the Net.
0:51 of 3rd period - Shot by William Karlsson.
0:51 of 3rd period - Stopped by Tristan Jarry with a rebound.
0:53 of 3rd period - Shot by Kevin Shattenkirk.
0:53 of 3rd period - Shot Blocked by Jonathon Merrill.
0:57 of 3rd period - Shot by Jeff Carter.
0:57 of 3rd period - Stopped by Tristan Jarry with a rebound.
0:59 of 3rd period - Shot by Jeff Carter.
0:59 of 3rd period - Shot Blocked by Adam Henrique.
1:01 of 3rd period - Shot by Alexander Edler.
1:01 of 3rd period - Shot Misses the Net.
1:03 of 3rd period - Shot by Logan Couture.
1:03 of 3rd period - Shot Misses the Net.
1:05 of 3rd period - Shot by Kevin Shattenkirk.
1:05 of 3rd period - Shot Blocked by Jonathon Merrill.
1:07 of 3rd period - Shot by Alexander Edler.
1:07 of 3rd period - Stopped by Tristan Jarry without a rebound.
1:08 of 3rd period - Radek Faksa wins face-off versus Sidney Crosby in Bruins zone.
1:40 of 3rd period - Icing by Trevor Daley.
1:41 of 3rd period - Radek Faksa wins face-off versus Travis Zajac in Lightning zone.
1:44 of 3rd period - Shot by Radek Faksa.
1:44 of 3rd period - Shot Misses the Net.
1:58 of 3rd period - Shot by Jayson Megna.
1:58 of 3rd period - Shot Misses the Net.
2:00 of 3rd period - Shot by Alex Iafallo.
2:00 of 3rd period - Stopped by Elvis Merzlikins without a rebound.
2:01 of 3rd period - Sidney Crosby wins face-off versus Adam Henrique in Lightning zone.
2:01 of 3rd period - Sidney Crosby is hit by Brendan Lemieux.
2:06 of 3rd period - Alexander Edler is hit by Brett Pesce and loses puck.
2:11 of 3rd period - Shot by Alex Killorn.
2:11 of 3rd period - Stopped by Tristan Jarry without a rebound.
2:12 of 3rd period - Radek Faksa wins face-off versus William Karlsson in Bruins zone.
3:31 of 3rd period - Shot by Alex Killorn.
3:31 of 3rd period - Shot Misses the Net.
3:54 of 3rd period - Off-side.
3:55 of 3rd period - Travis Zajac wins face-off versus Vladimir Sobotka in neutral zone.
3:58 of 3rd period - Shot by Trevor Daley.
3:58 of 3rd period - Shot Blocked by Jonathon Merrill.
4:04 of 3rd period - Shot by Zack Kassian.
4:04 of 3rd period - Stopped by Tristan Jarry without a rebound.
4:05 of 3rd period - Radek Faksa wins face-off versus Travis Zajac in Bruins zone.
4:05 of 3rd period - Alex Iafallo is hit by Travis Zajac and loses puck.
4:16 of 3rd period - Shot by Radek Faksa.
4:16 of 3rd period - Shot Misses the Net.
4:40 of 3rd period - Shot by Radek Faksa.
4:40 of 3rd period - Stopped by Elvis Merzlikins without a rebound.
4:41 of 3rd period - Sidney Crosby wins face-off versus Vladimir Sobotka in Lightning zone.
5:17 of 3rd period - Shot by Sidney Crosby.
5:17 of 3rd period - Shot Misses the Net.
5:19 of 3rd period - Shot by Kevin Shattenkirk.
5:19 of 3rd period - Shot Blocked by Vladimir Sobotka.
5:21 of 3rd period - Shot by Alex Killorn.
5:21 of 3rd period - Shot Misses the Net.
5:48 of 3rd period - Shot by Adam Henrique.
5:48 of 3rd period - Shot Misses the Net.
6:04 of 3rd period - Shot by Tyler Bertuzzi.
6:04 of 3rd period - Stopped by Elvis Merzlikins without a rebound.
6:05 of 3rd period - Radek Faksa wins face-off versus Travis Zajac in Lightning zone.
6:08 of 3rd period - Shot by Alex Iafallo.
6:08 of 3rd period - Shot Misses the Net.
6:10 of 3rd period - Shot by Brian Dumoulin.
6:10 of 3rd period - Stopped by Elvis Merzlikins without a rebound.
6:11 of 3rd period - Travis Zajac wins face-off versus Radek Faksa in Lightning zone.
6:18 of 3rd period - Shot by Travis Zajac.
6:18 of 3rd period - Stopped by Tristan Jarry without a rebound.
6:19 of 3rd period - Adam Henrique wins face-off versus Sidney Crosby in Bruins zone.
6:21 of 3rd period - Icing by Brendan Lemieux.
6:22 of 3rd period - Sidney Crosby wins face-off versus Adam Henrique in Bruins zone.
6:31 of 3rd period - Shot by Alex Killorn.
6:31 of 3rd period - Stopped by Tristan Jarry without a rebound.
6:32 of 3rd period - William Karlsson wins face-off versus Radek Faksa in Bruins zone.
6:38 of 3rd period - Icing by Brady Skjei.
6:39 of 3rd period - Radek Faksa wins face-off versus Sidney Crosby in Bruins zone.
6:39 of 3rd period - Radek Faksa is hit by Alex Killorn.
6:53 of 3rd period - Alex Iafallo is hit by Alexander Edler.
7:00 of 3rd period - Minor Penalty to Jayson Megna for Hooking.
7:01 of 3rd period - William Karlsson wins face-off versus Adam Henrique in Bruins zone.
7:02 of 3rd period - Shot by Logan Couture.
7:02 of 3rd period - Shot Misses the Net.
7:04 of 3rd period - Shot by Logan Couture.
7:04 of 3rd period - Stopped by Tristan Jarry with a rebound.
7:06 of 3rd period - Shot by Logan Couture.
7:06 of 3rd period - Stopped by Tristan Jarry without a rebound.
7:07 of 3rd period - Adam Henrique wins face-off versus William Karlsson in Bruins zone.
7:07 of 3rd period - Adam Henrique is hit by Logan Couture.
7:37 of 3rd period - Shot by Jason Demers.
7:37 of 3rd period - Goal by Jason Demers - Bruins : 2 - Lightning : 3.
7:38 of 3rd period - Sidney Crosby wins face-off versus Radek Faksa in neutral zone.
7:49 of 3rd period - Shot by Alex Killorn.
7:49 of 3rd period - Deflect By Sidney Crosby.
7:49 of 3rd period - Stopped by Tristan Jarry without a rebound.
7:50 of 3rd period - Travis Zajac wins face-off versus Michael Frolik in Bruins zone.
7:53 of 3rd period - Shot by Jeff Skinner.
7:53 of 3rd period - Shot Misses the Net.
8:04 of 3rd period - Icing by Jonathon Merrill.
8:05 of 3rd period - Sidney Crosby wins face-off versus Vladimir Sobotka in Bruins zone.
8:16 of 3rd period - Shot by Alex Killorn.
8:16 of 3rd period - Shot Misses the Net.
9:15 of 3rd period - Shot by Logan Couture.
9:15 of 3rd period - Shot Misses the Net.
9:17 of 3rd period - Shot by Zach Bogosian.
9:17 of 3rd period - Stopped by Tristan Jarry without a rebound.
9:18 of 3rd period - Jeff Skinner wins face-off versus Radek Faksa in Bruins zone.
11:22 of 3rd period - Brendan Lemieux is hit by Sidney Crosby and loses puck.
11:35 of 3rd period - Shot by Alex Killorn.
11:35 of 3rd period - Shot Misses the Net.
11:48 of 3rd period - Minor Penalty to Brady Skjei for Hooking.
11:49 of 3rd period - Radek Faksa wins face-off versus William Karlsson in Bruins zone.
12:00 of 3rd period - Shot by Alexander Edler.
12:00 of 3rd period - Shot Misses the Net.
12:02 of 3rd period - Shot by Kevin Shattenkirk.
12:02 of 3rd period - Shot Misses the Net.
12:26 of 3rd period - Alex Iafallo is hit by Alex Killorn and loses puck.
12:33 of 3rd period - Jason Demers is hit by Alex Iafallo and loses puck.
12:46 of 3rd period - Shot by Alex Killorn.
12:46 of 3rd period - Shot Misses the Net.
13:18 of 3rd period - Shot by Kevin Shattenkirk.
13:18 of 3rd period - Shot Misses the Net.
13:20 of 3rd period - Shot by Alexander Edler.
13:20 of 3rd period - Shot Misses the Net.
13:22 of 3rd period - Shot by Jeff Carter.
13:22 of 3rd period - Shot Hit the Post.
13:24 of 3rd period - Shot by Jeff Carter.
13:24 of 3rd period - Stopped by Tristan Jarry without a rebound.
13:25 of 3rd period - Radek Faksa wins face-off versus Alex Killorn in Bruins zone.
13:36 of 3rd period - Shot by Alexander Edler.
13:36 of 3rd period - Stopped by Tristan Jarry with a rebound.
13:40 of 3rd period - Shot by Alex Killorn.
13:40 of 3rd period - Shot Misses the Net.
13:42 of 3rd period - Shot by Travis Zajac.
13:42 of 3rd period - Shot Misses the Net.
13:54 of 3rd period - Shot by Travis Zajac.
13:54 of 3rd period - Shot Misses the Net.
13:56 of 3rd period - Shot by Travis Zajac.
13:56 of 3rd period - Stopped by Tristan Jarry without a rebound.
13:57 of 3rd period - Travis Zajac wins face-off versus Vladimir Sobotka in Bruins zone.
14:20 of 3rd period - Shot by Travis Zajac.
14:20 of 3rd period - Stopped by Tristan Jarry with a rebound.
14:30 of 3rd period - Vladimir Sobotka is hit by Zack Kassian and loses puck.
14:53 of 3rd period - Icing by Vladimir Sobotka.
14:54 of 3rd period - Vladimir Sobotka wins face-off versus Frederik Gauthier in Bruins zone.
15:22 of 3rd period - Pierre-Edouard Bellemare is hit by Brian Dumoulin and loses puck.
16:25 of 3rd period - Icing by William Karlsson.
16:26 of 3rd period - Tanner Fritz wins face-off versus William Karlsson in Lightning zone.
16:47 of 3rd period - Shot by Tyler Bertuzzi.
16:47 of 3rd period - Shot Blocked by Alexander Edler.
16:49 of 3rd period - Shot by Adam Henrique.
16:49 of 3rd period - Shot Misses the Net.
16:51 of 3rd period - Shot by Adam Henrique.
16:51 of 3rd period - Shot Blocked by Travis Zajac.
17:30 of 3rd period - Icing by Brian Dumoulin.
17:31 of 3rd period - Sidney Crosby wins face-off versus Vladimir Sobotka in Bruins zone.
18:07 of 3rd period - Icing by Joonas Donskoi.
18:08 of 3rd period - Sidney Crosby wins face-off versus Radek Faksa in Lightning zone.
18:08 of 3rd period - Joonas Donskoi is hit by Radek Faksa and loses puck.
18:17 of 3rd period - Shot by Radek Faksa.
18:17 of 3rd period - Deflect By Alex Iafallo.
18:17 of 3rd period - Shot Misses the Net.
18:21 of 3rd period - Shot by Radek Faksa.
18:21 of 3rd period - Deflect By Jayson Megna.
18:21 of 3rd period - Stopped by Elvis Merzlikins without a rebound.
18:22 of 3rd period - Adam Henrique wins face-off versus William Karlsson in Lightning zone.
18:23 of 3rd period - Shot by Brendan Lemieux.
18:23 of 3rd period - Shot Blocked by William Karlsson.
18:36 of 3rd period - William Karlsson is hit by Brendan Lemieux and loses puck.
18:43 of 3rd period - Shot by Logan Couture.
18:43 of 3rd period - Shot Misses the Net.
18:45 of 3rd period - Shot by Jeff Carter.
18:45 of 3rd period - Shot Misses the Net.
18:53 of 3rd period - Shot by Jeff Carter.
18:53 of 3rd period - Shot Misses the Net.
18:55 of 3rd period - Shot by Jeff Carter.
18:55 of 3rd period - Stopped by Tristan Jarry without a rebound.
18:56 of 3rd period - Radek Faksa wins face-off versus Travis Zajac in Bruins zone.
19:02 of 3rd period - Kevin Shattenkirk is hit by Brett Pesce and loses puck.
19:24 of 3rd period - Minor Penalty to Jordan Oesterle for Holding.
19:25 of 3rd period - Sidney Crosby wins face-off versus Adam Henrique in Bruins zone.
19:46 of 3rd period - Icing by Joonas Donskoi.
19:47 of 3rd period - Adam Henrique wins face-off versus Sidney Crosby in Lightning zone.
19:47 of 3rd period - Tyler Bertuzzi is hit by Zach Bogosian and loses puck.
Goals for this period are 0 for Bruins vs 1 for Lightning.
Shots for this period are 5 for Bruins vs 20 for Lightning.